 Dungeon Crawl Stone Soup version 0.23.3-3-gaaff5abdbf (webtiles) character file.

Game seed: 8234909865512710171

9478 Froggeryz the Slicer (level 11, 0/80 HPs)
             Began as an Octopode Berserker on Sept 17, 2022.
             Was a High Priest of Trog.
             Slain by a wyvern (20 damage)
             ... on level 11 of the Dungeon.
             The game lasted 00:16:32 (12341 turns).

Froggeryz the Slicer (Octopode Berserker)          Turns: 12341, Time: 00:16:33

Health: 0/80       AC:  1    Str: 19    XL:     11   Next: 47%
Magic:  11/11      EV: 16    Int:  9    God:    Trog [*****.]
Gold:   496        SH:  5    Dex: 13    Spells: 10/10 levels left

rFire    + . .     SeeInvis .   x - +9 rapier of the Spider {pierce, rF+}
rCold    . . .     Gourm    .   I - +0 buckler
rNeg     . . .     Faith    .   (helmet restricted)
rPois    .         Spirit   .   (no amulet)
rElec    .         Reflect  .   j - ring of protection from magic
rCorr    .         Harm     .   N - ring of stealth
MR       +....                  (no ring)
Stlth    ++++++....             (no ring)
HPRegen  0.23/turn              (no ring)
MPRegen  0.12/turn              (no ring)
                                (no ring)
                                (no ring)

@: no status effects
A: almost no armour, stealthy swim, amphibious, 8 rings, constrict 8, camouflage
1, gelatinous body 1
a: Berserk, Trog's Hand, Brothers in Arms, Renounce Religion


You were on level 11 of the Dungeon.
You worshipped Trog.
Trog was extremely pleased with you.
You were not hungry.

You visited 1 branch of the dungeon, and saw 11 of its levels.

You collected 580 gold pieces.
You spent 84 gold pieces at shops.

Inventory:

Hand Weapons
 m - a +2 dagger of venom
 x - the +9 rapier of the Spider (weapon) {pierce, rF+}
   (You found it on level 9 of the Dungeon)

   It inflicts extra damage upon your enemies.
   It protects you from fire.
Missiles
 k - 8 curare-tipped needles
 v - 2 throwing nets
 C - 9 tomahawks (quivered)
 E - 3 tomahawks of returning
Armour
 I - a +0 buckler (worn)
Jewellery
 d - an uncursed ring of ice
 j - a ring of protection from magic (left tentacle)
 K - an uncursed ring of fire
 N - a ring of stealth (right tentacle)
Wands
 a - a wand of acid (13)
 o - a wand of digging (13)
 B - a wand of paralysis (12)
 J - a wand of iceblast (25)
Scrolls
 c - a scroll of fear
 f - 3 scrolls of immolation
 g - a scroll of identify
 h - 7 scrolls of teleportation
 n - 5 scrolls of fog
 r - 3 scrolls of enchant armour
 s - 3 scrolls of remove curse
 u - 3 scrolls of blinking
 w - 3 scrolls of enchant weapon
 y - a scroll of magic mapping
 G - a scroll of noise
Potions
 e - a potion of ambrosia
 i - a potion of brilliance
 l - 2 potions of haste
 p - 2 potions of curing
 q - 3 potions of mutation
 t - 2 potions of heal wounds {unknown}
 z - 2 potions of berserk rage
 D - 3 potions of might {unknown}
 F - 2 potions of agility
 H - 3 potions of lignification {unknown}
 M - a potion of flight {unknown}
Miscellaneous
 L - a fan of gales
Comestibles
 b - 22 rations
 O - a chunk of flesh


   Skills:
 + Level 9.2 Fighting
 + Level 11.4 Short Blades
 - Level 4.2 Throwing
 - Level 5.3 Dodging
 - Level 10.0 Stealth
 - Level 4.5 Shields


You had 10 spell levels left.
You didn't know any spells.
Your spell library was empty.

Dungeon Overview and Level Annotations

Branches:
Dungeon (11/15)            Temple (0/1) D:4             Orc (0/2) D:9
   Lair: D:8-11

Altars:
Elyvilon
Nemelex Xobeh
Okawaru
Qazlal
Trog
Uskayaw
Vehumet
Yredelemnul
Zin
The Shining One

Shops:
D:4 **   D:8 *   D:10 *

Annotations:
D:3 2 runed translucent doors, Curus's ghost, amateur MiBe
D:6 2 runed translucent doors, MordorOrchid's ghost, novice OpEE


Innate Abilities, Weirdness & Mutations

You cannot wear most types of armour.
You are very stealthy in the water. (Stealth+)
You are amphibious.
You can wear up to eight rings at the same time.
You can use your tentacles to constrict eight enemies at once.
Your skin changes colour to match your surroundings (Stealth+).
Your rubbery body absorbs attacks. (AC +1, EV +1)


Message History

You are too injured to fight recklessly!
You are too injured to fight recklessly!
You are too injured to fight recklessly!
You are too injured to fight recklessly!
You are too injured to fight recklessly!
The wyvern barely misses you. You block the orc's attack.
The wyvern closely misses you. You block the wyvern's attack.
The wyvern misses you. You block the wyvern's attack.
You block the wyvern's attack.
The wyvern hisses menacingly.
The wyvern closely misses you. The wyvern bites you!!
* * * LOW HITPOINT WARNING * * *
You feel better. The wyvern completely misses you.
The orc warrior completely misses you. The wyvern closely misses you.
The wyvern closely misses you.
There is a stone staircase leading up here.
The wyvern bites you!!
You die...

####
###..#####
#)@lo....#
##.Y.o...##
#..##.....##
#.####.....##
#. ###....##
#### ..
###...###...
#.#
###..#.... #.
##....[.
#.).(...


You could see an orc warrior, a wyvern, an ice beast and an orc.

Vanquished Creatures
  Erica (D:9)
  2 two-headed ogres
  An unseen horror (D:10)
  A deep elf mage (D:10)
  A troll (D:9)
  Grinder (D:6)
  Prince Ribbit (D:5)
  A hippogriff (D:10)
  Sigmund (D:4)
  A hungry ghost (D:10)
  A soldier ant (D:10)
  3 water moccasins (D:4)
  3 sky beasts
  Duvessa (D:6)
  3 ice beasts
  A black bear (D:9)
  4 orc warriors
  4 phantoms
  4 ogres
  3 centaurs
  A crocodile (D:10)
  2 big kobolds
  A wyvern zombie (D:10)
  7 bullfrogs
  Dowan (D:6)
  A scorpion (D:6)
  6 wights (D:9)
  A howler monkey (D:7)
  3 crimson imps
  3 bullfrog zombies
  A centaur zombie (D:8)
  5 bullfrog skeletons
  A centaur skeleton (D:9)
  8 hounds
  6 orc wizards
  5 orc priests
  6 jellies
  Terence (D:2)
  Jessica (D:2)
  4 iguanas
  6 worker ants
  A killer bee zombie (D:9)
  A hound zombie (D:5)
  A hound skeleton (D:9)
  A worker ant zombie (D:7)
  Robin (D:2)
  16 gnolls
  12 adders
  5 shadow imps
  An adder skeleton (D:6)
  A worm (D:4)
  A dart slug (D:1)
  6 leopard geckos
  33 orcs
  3 giant cockroaches
  41 goblins
  32 hobgoblins
  13 jackals
  20 kobolds
  5 quokkas
  5 ball pythons
  8 bats
  3 frilled lizards
  A jackal zombie (D:7)
  A leopard gecko skeleton (D:6)
  A quokka skeleton (D:6)
  2 quokka zombies
  10 rats
333 creatures vanquished.

Notes
Turn   | Place    | Note
-------+----------+-------------------------------------------
     0 | D:1      | Froggeryz the Octopode Berserker began the quest for the
                  | Orb.
     0 | D:1      | Reached XP level 1. HP: 16/16 MP: 1/1
    91 | D:1      | Reached XP level 2. HP: 21/21 MP: 2/2
   389 | D:1      | Reached skill level 4 in Short Blades
   432 | D:1      | Reached XP level 3. HP: 26/26 MP: 3/3
   448 | D:1      | Reached ** piety under Trog
   815 | D:2      | Noticed Terence
   819 | D:2      | Noticed Jessica
   825 | D:2      | Killed Terence
   825 | D:2      | Reached XP level 4. HP: 31/31 MP: 4/4
   827 | D:2      | Killed Jessica
  1142 | D:2      | Noticed Robin
  1159 | D:2      | Killed Robin
  1159 | D:2      | Reached skill level 5 in Short Blades
  1167 | D:2      | Reached XP level 5. HP: 23/36 MP: 5/5
  1896 | D:3      | Found a large runed translucent door.
  1896 | D:3      | Found a large runed translucent door.
  1954 | D:3      | Reached *** piety under Trog
  2017 | D:3      | Reached XP level 6. HP: 38/43 MP: 6/6
  2239 | D:3      | Found an iron altar of Okawaru.
  2239 | D:3      | Found a sparkling altar of Nemelex Xobeh.
  2241 | D:3      | Found a white marble altar of Elyvilon.
  2252 | D:3      | Found a stormy altar of Qazlal.
  2256 | D:3      | Found a basalt altar of Yredelemnul.
  2409 | D:3      | Reached skill level 6 in Short Blades
  2669 | D:3      | Noticed Curus's ghost (amateur MiBe)
  2812 | D:4      | Found a staircase to the Ecumenical Temple.
  2817 | D:4      | Found Pinesu's Serpentskin Sales.
  2817 | D:4      | Noticed a water moccasin
  2817 | D:4      | Noticed a water moccasin
  2818 | D:4      | Noticed a water moccasin
  2824 | D:4      | Killed a water moccasin
  2824 | D:4      | Reached XP level 7. HP: 49/49 MP: 7/7
  2831 | D:4      | Reached skill level 5 in Fighting
  2831 | D:4      | Reached skill level 7 in Short Blades
  2840 | D:4      | HP: 2/75 [adder (4)]
  2845 | D:4      | HP: 1/50 [poisoned by a water moccasin]
  3171 | D:4      | Noticed Sigmund
  3197 | D:4      | Killed Sigmund
  3197 | D:4      | Reached skill level 8 in Short Blades
  3197 | D:4      | Reached XP level 8. HP: 41/57 MP: 8/8
  3331 | D:4      | Reached **** piety under Trog
  4098 | D:4      | Found a hide-covered altar of Uskayaw.
  4099 | D:4      | Found a glowing golden altar of the Shining One.
  4167 | D:4      | Found Zin's Purification Station.
  4167 | D:4      | Found a glowing silver altar of Zin.
  4349 | D:5      | Entered Level 5 of the Dungeon
  4366 | D:5      | Noticed Prince Ribbit
  4388 | D:5      | Killed Prince Ribbit
  4388 | D:5      | Reached skill level 9 in Short Blades
  5394 | D:6      | Noticed Grinder
  5405 | D:6      | Killed Grinder
  5405 | D:6      | Reached XP level 9. HP: 59/63 MP: 9/9
  5611 | D:6      | Found a runed translucent door.
  5637 | D:6      | Reached skill level 5 in Stealth
  5725 | D:6      | Found a runed translucent door.
  5906 | D:6      | Noticed MordorOrchid's ghost (novice OpEE)
  5978 | D:6      | Noticed Duvessa
  5981 | D:6      | Noticed Dowan
  5990 | D:6      | Killed Dowan
  6673 | D:6      | Found a white marble altar of Elyvilon.
  6734 | D:6      | Killed Duvessa
  7253 | D:7      | Reached ***** piety under Trog
  7589 | D:7      | Reached skill level 5 in Dodging
  7634 | D:7      | Found a radiant altar of Vehumet.
  7749 | D:7      | Received a gift from Trog
  8019 | D:7      | Found a bloodstained altar of Trog.
  8406 | D:7      | Reached XP level 10. HP: 72/72 MP: 10/10
  8624 | D:8      | Found Unuc Qeom's Lightly-Used Armoury.
  8754 | D:8      | Reached skill level 1 in Throwing
  9914 | D:9      | Noticed a two-headed ogre
  9921 | D:9      | Killed a two-headed ogre
  9921 | D:9      | Reached skill level 10 in Stealth
  9932 | D:9      | Got a brightly glowing rapier
  9933 | D:9      | Identified the +9 rapier of the Spider {pierce, rF+} (You
                  | found it on level 9 of the Dungeon)
  9946 | D:9      | Found a staircase to the Orcish Mines.
 10278 | D:9      | Noticed Erica
 10287 | D:9      | Killed Erica
 10287 | D:9      | Reached skill level 10 in Short Blades
 10481 | D:10     | Entered Level 10 of the Dungeon
 10520 | D:10     | Reached skill level 1 in Shields
 10533 | D:10     | Found Daqor's General Store.
 10533 | D:10     | Noticed a two-headed ogre
 10536 | D:10     | Killed a two-headed ogre
 10536 | D:10     | Reached XP level 11. HP: 78/78 MP: 11/11
 10539 | D:10     | Bought a scroll of teleportation for 42 gold pieces
 10539 | D:10     | Bought a scroll of teleportation for 42 gold pieces
 10600 | D:10     | Received a gift from Trog
 10663 | D:10     | Found a basalt altar of Yredelemnul.
 11139 | D:10     | Reached skill level 11 in Short Blades
 11798 | D:10     | Noticed a deep elf mage
 11811 | D:10     | Killed a deep elf mage
 11826 | D:10     | Killed an unseen horror
 12341 | D:11     | Slain by a wyvern

Skill      XL: |  1  2  3  4  5  6  7  8  9 10 11 |
---------------+----------------------------------+-----
Short Blades   | 4 5 6 8 9 10 11 | 11.4
Fighting       | 4 5 6 8 9 |  9.2
Stealth        | 4 9 10 | 10.0
Dodging        | 5 |  5.3
Throwing       | 4 |  4.2
Shields        | 3 4 |  4.5

Action                   |  1- 3 |  4- 6 |  7- 9 | 10-12 || total
-------------------------+-------+-------+-------+-------++-------
Melee: Short sword       |    69 |    30 |       |       ||    99
       Constrict         |    18 |    38 |    90 |    27 ||   173
       Tentacles         |     9 |    18 |    87 |    40 ||   154
       Dagger            |       |    99 |   347 |   101 ||   547
       Rapier            |       |       |       |   134 ||   134
Throw: Tomahawk          |       |       |     5 |       ||     5
Invok: Berserk           |     1 |     2 |     2 |     1 ||     6
       Trog's Hand       |     1 |       |     3 |     1 ||     5
Evoke: Wand              |       |     2 |     5 |       ||     7
  Use: Potion            |       |       |     3 |     1 ||     4
       Scroll            |       |       |     2 |    20 ||    22
 Stab: Sleeping          |     5 |     2 |    17 |    39 ||    63
       Distracted        |     1 |       |     1 |     1 ||     3
       Paralysed         |       |     2 |     1 |       ||     3
  Eat: Chunk             |       |     9 |    17 |    14 ||    40
       Ration            |       |       |     1 |       ||     1
Armor: Skin              |     5 |    11 |     8 |     5 ||    29
Dodge: Dodged            |    37 |    79 |   190 |   108 ||   414
Block: Buckler           |       |       |       |    15 ||    15
